AoeStats
← Chaves

African Clearing

510850822Analyzed
3v3 RM · 11h ago on Oct 2, 2026· 38m 51s· 6 players
Game mode
Random Map
Map size
Normal (6 player)
Population
200
Speed
Normal
Resources
Standard
Victory
Conquest
Starting age
Dark Age
Ending age
Imperial Age
RankedLock teamsTeams togetherTeam positionsShared explorationLock speedFull tech treeHidden civsTurbo modeCheats
Victory
Defeat
🇭🇷 Huns · Croatia
1154
+15
🇺🇸 Mongols · United States
1146
+16
🇪🇸 Persians · Spain
1118
+17
🇺🇾 Varangians · Uruguay
1152
-16
🇧🇷 Malay · Brazil
1134
-16
🇧🇷 Mongols · Brazil
1132
-16
|FMG| Zeit
3:31 Loom
13:57 Feudal Age
15:43 Man-at-Arms
16:33 Man-at-Arms
25:16 Forging
26:44 Scale Mail Armor
26:49 Double-Bit Axe
27:39 Fletching
30:19 Horse Collar
34:41 Castle Age
33:38 Scale Barding Armor
34:00 Bloodlines
Chaves
4:39 Loom
17:32 Feudal Age
17:36 Town Watch
17:45 Fishing Lines
19:55 Fishing Lines
24:19 Wheelbarrow
24:12 Stone Mining
27:02 Castle Age
24:33 Man-at-Arms
25:09 Fletching
27:03 Wheelbarrow
27:46 Stone Shaft Mining
27:01 Double-Bit Axe
28:35 Forging
28:41 Gillnets
30:38 Squires
30:24 Arson
CaOk_Emerson
4:37 Loom
12:12 Feudal Age
12:50 Double-Bit Axe
19:14 Castle Age
23:22 Horse Collar
29:37 Scale Barding Armor
Chexco9004
5:14 Loom
Eagles
9:58 Loom
14:30 Feudal Age
21:29 Castle Age
28:58 Wheelbarrow
32:01 Gold Mining
32:02 Double-Bit Axe
36:28 Gold Shaft Mining
37:17 Bloodlines
37:08 Husbandry
37:00 Fletching
37:10 Padded Archer Armor
Gracijan
13:39 Feudal Age
15:07 Loom
17:46 Castle Age
18:12 Double-Bit Axe
18:33 Horse Collar
25:57 Wheelbarrow
25:22 Gold Mining
25:43 Fletching
26:07 Town Watch
27:01 Bow Saw
27:09 Bodkin Arrow
28:10 Hand Cart
28:23 Ballistics
28:49 Gold Shaft Mining
28:10 Stone Mining
29:47 Padded Archer Armor
30:29 Thumb Ring
30:50 Husbandry
36:48 Imperial Age
34:57 Bloodlines
36:03 Leather Archer Armor
37:47 Town Patrol
37:50 Bracer
38:18 Parthian Tactics
37:13 Heavy Cavalry Archer
Connection lost

Rejoining the realm…

Still unreachable

The connection could not be restored.

Session expired

The server has moved on; the page needs a fresh start.